 Dungeon Crawl Stone Soup version 0.28.0 (webtiles) character file.

Game seed: 5345806035040600527

51 tizbic2 the Grave Robber (level 3, 0/30 HPs)
             Began as a Hill Orc Wanderer on Feb 6, 2022.
             Succumbed to an adder's poison
             ... on level 2 of the Dungeon.
             The game lasted 00:10:07 (1832 turns).

tizbic2 the Grave Robber (Hill Orc Wanderer)        Turns: 1832, Time: 00:10:08

Health: 0/30       AC:  2    Str: 15    XL:     3   Next: 81%
Magic:  1/5        EV: 11    Int: 14    God:
Gold:   89         SH:  4    Dex:  9    Spells: 1/5 levels left

rFire   . . .      SeeInvis .   i - +1 club
rCold   . . .      Faith    .   (no shield)
rNeg    . . .      Spirit   .   b - +0 robe
rPois   .          Reflect  .   (no helmet)
rElec   .          Harm     .   (no cloak)
rCorr   .          Rampage  .   (no gloves)
Will    .....                   (no boots)
Stlth   +.........              (no amulet)
HPRegen 0.10/turn               (no ring)
MPRegen 0.09/turn               (no ring)

@: lethally poisoned (0 -> -1)
A: large bone plates 1, dopey 1, strong 1
a: no special abilities


You were on level 2 of the Dungeon.
You visited 1 branch of the dungeon, and saw 2 of its levels.

You collected 89 gold pieces.

Inventory:

Hand Weapons
 f - a +0 whip
 i - a +1 club (weapon)
Missiles
 a - 20 stones (quivered)
Armour
 b - a +0 robe (worn)
 g - a +0 pair of boots
Scrolls
 d - 2 scrolls of identify {unknown}
 h - a scroll of enchant weapon
 j - a scroll of fear {unknown}


   Skills:
 + Level 2.3 Fighting
 * Level 2.4 Maces & Flails
 - Level 1.0 Throwing
 - Level 1.5 Spellcasting
 + Level 3.4 Necromancy
 - Level 1.5 Translocations
 - Level 1.0 Evocations


You had one spell level left.
You knew the following spells:

 Your Spells              Type           Power      Damage    Failure   Level
a - Pain                  Necr           40%        1d6       6%          1
b - Vampiric Draining     Necr           10%        2d6       19%         3

Your spell library contained the following spells:

 Spells                   Type           Power      Damage    Failure   Level
 Apportation              Tloc           10%        N/A       13%         1
 Blink                    Tloc           10%        N/A       21%         2
 Gell's Gravitas          Tloc           5%         N/A       36%         3


Dungeon Overview and Level Annotations

Branches:
Dungeon (2/15)

Altars:


Innate Abilities, Weirdness & Mutations

You are partially covered in large bone plates. (SH +4)
You are dopey. (Int -2)
Your muscles are strong. (Str +2)


Message History

You feel better. The adder bites you but does no damage.
You miss the adder.
The adder is moderately wounded.
The adder bites you but does no damage. The adder bites you.
You are poisoned.
The adder poisons you!
You closely miss the adder.
The adder is moderately wounded.
You feel sick. The adder misses you.
You hit the adder but do no damage.
The adder is moderately wounded.
You feel sick. The adder barely misses you. x2
Casting: Pain (safe; 5% risk of failure)
Confirm with . or Enter, or press ? or * to list all spells.
Aiming: Pain (safe; 5% risk of failure)
Press: ? - help, Shift-Dir - straight line, f/p - adder
Aim: an adder (moderately wounded, chance to affect: 75%)
The adder writhes in agony.
You feel sick. The adder bites you.
You barely miss the adder.
The adder is severely wounded.
You feel sick. The adder closely misses you.
It was a potion of mutation.
You feel extremely strange.
Large bone plates grow over parts of your arms.
You feel stupid.
You feel stronger.
You feel sick.
You are no longer poisoned.
The adder closely misses you. The adder bites you.
* * * LOW HITPOINT WARNING * * *
You are lethally poisoned!
The adder poisons you!
You hit the adder.
You kill the adder!
* * * LOW HITPOINT WARNING * * *
You feel sick.
* * * LOW HITPOINT WARNING * * *
You feel sick.
As you read the scroll labelled PIPPACH IHAICET, it crumbles to dust.
It is a scroll of enchant weapon.
Your +0 club glows red for a moment.
You die...

...........'.........+
.####...####.........#
.# ##..# ##.......# .#
##.# ##.....## .# ..#
##...## .#
##########'## .#
........# ## #######.#
#@# #>..# .......
#.##....## # ##..##
###. . ##


There were no monsters in sight!

Vanquished Creatures
  2 adders (D:2)
  2 dart slugs (D:1)
  2 ball pythons (D:1)
  6 bats (D:1)
  3 endoplasms (D:1)
  4 goblins
  A hobgoblin (D:1)
  2 quokkas
  3 kobolds (D:1)
  3 rats (D:1)
28 creatures vanquished.

Notes
Turn   | Place    | Note
-------+----------+-------------------------------------------
     0 | D:1      | tizbic2 the Hill Orc Wanderer began the quest for the Orb.
     0 | D:1      | tizbic2 set off with the following items: a +0 club, a +0
                  | robe, a potion of curing; and the following spells
                  | available to memorise: Pain, Apportation, Blink, Vampiric
                  | Draining, Gell's Gravitas
     0 | D:1      | Reached XP level 1. HP: 16/16 MP: 3/3
   199 | D:1      | Learned a level 1 spell: Pain
   370 | D:1      | Reached skill level 1 in Maces & Flails
   400 | D:1      | Reached XP level 2. HP: 21/24 MP: 2/4
   725 | D:1      | Found a faded altar of an unknown god.
  1142 | D:1      | Reached XP level 3. HP: 28/29 MP: 3/5
  1695 | D:2      | Learned a level 3 spell: Vampiric Draining
  1829 | D:2      | Gained mutation: You are partially covered in large bone
                  | plates. (SH +4) [potion of mutation]
  1829 | D:2      | Gained mutation: You are dopey. (Int -2) [potion of
                  | mutation]
  1829 | D:2      | Gained mutation: Your muscles are strong. (Str +2) [potion
                  | of mutation]
  1831 | D:2      | HP: 1/30 [poisoned by an adder]
  1832 | D:2      | Succumbed to an adder's poison

Illustrated notes

Levels and vault maps discovered:
D:1:      dpeg_arrival_tiny_k, layout_loops_corners,
          dreamdust_ecumenical_altar_hidden_monk_grotto
D:2:      layout_loops_corners

Skill      XL: |  1  2  3 |
---------------+----------+-----
Maces & Flails | 1 2 |  2.4
Fighting       | 2 |  2.3
Throwing       | |  1.0
Spellcasting   | |  1.5
Necromancy     | |  3.4
Translocations | |  1.5
Evocations     | |  1.0

Action                   || total
-------------------------++-------
Melee: Club              ||    33
       Whip              ||    39
Throw: Stone             ||    42
 Cast: Pain              ||    28
       Vampiric Draining ||     1
  Use: Potion            ||     4
       Scroll            ||     1
Armor: Robe              ||    18
Dodge: Dodged            ||    61
